AoeStats
← 大王同学

MegaRandom

504531403Analyzed
4v4 RM · 25d ago on Sep 5, 2026· 42m 9s· 8 players
Game mode
Random Map
Map size
Large (8 player)
Population
200
Speed
Normal
Resources
Standard
Victory
Conquest
Starting age
Dark Age
Ending age
Imperial Age
RankedLock teamsTeams togetherTeam positionsShared explorationLock speedFull tech treeHidden civsTurbo modeCheats
Victory
Defeat
🇨🇳 Goths · China
1383
+11
🇭🇰 Magyars · Hong Kong SAR China
1280
+16
🇨🇳 Persians · China
1262
+16
🇨🇳 Saracens · China
1201
+19
🇺🇸 Aztecs · United States
1310
-17
🇺🇸 Vietnamese · United States
1273
-16
🇩🇪 Mapuche · Germany
1264
-15
🇪🇸 Franks · Spain
1234
-14
Yee
11:51 Feudal Age
17:21 Castle Age
15:37 Double-Bit Axe
15:39 Loom
16:24 Fletching
17:00 Padded Archer Armor
17:21 Crossbowman
19:49 Bodkin Arrow
22:27 Ballistics
23:17 Leather Archer Armor
23:14 Forging
24:56 Scale Mail Armor
30:27 Thumb Ring
34:58 Town Watch
37:09 Wheelbarrow
41:11 Chain Mail Armor
41:32 Iron Casting
44:45 Imperial Age
大王同学
1:42 Loom
6:56 Loom
7:10 Loom
9:08 Feudal Age
9:53 Double-Bit Axe
9:51 Horse Collar
17:47 Wheelbarrow
17:38 Bloodlines
18:21 Scale Barding Armor
24:52 Gold Mining
27:39 Castle Age
28:02 Light Cavalry
28:43 Husbandry
29:04 Chain Barding Armor
30:13 Bow Saw
30:46 Fletching
30:57 Padded Archer Armor
32:47 Bodkin Arrow
34:16 Ballistics
36:32 Thumb Ring
40:52 Heavy Plow
45:17 Imperial Age
SimonGood
5:16 Loom
9:22 Feudal Age
11:59 Double-Bit Axe
12:34 Horse Collar
19:43 Castle Age
19:21 Scale Mail Armor
19:31 Scale Barding Armor
25:23 Bow Saw
25:50 Wheelbarrow
25:17 Heavy Plow
29:11 Man-at-Arms
29:54 Squires
30:00 Anarchy
30:24 Chain Barding Armor
30:06 Scale Mail Armor
34:05 Imperial Age
31:33 Gold Mining
33:24 Chain Mail Armor
33:20 Forging
35:30 Iron Casting
36:18 Conscription
38:17 Pikeman
Hakka
4:57 Loom
9:59 Feudal Age
10:37 Double-Bit Axe
10:59 Horse Collar
21:15 Wheelbarrow
21:33 Gold Mining
24:22 Castle Age
23:08 Scale Barding Armor
23:15 Forging
24:49 Bloodlines
25:08 Bow Saw
25:02 Heavy Plow
25:44 Gold Shaft Mining
25:54 Hand Cart
26:04 Stone Mining
36:32 Iron Casting
36:53 Town Watch
37:56 Fletching
38:29 Chain Barding Armor
38:48 Kamandaran
39:06 Padded Archer Armor
39:02 Bodkin Arrow
40:23 Thumb Ring
43:18 Imperial Age
41:14 Husbandry
41:32 Leather Archer Armor
[DSbZ]Querkraft
6:22 Loom
6:43 Loom
10:20 Feudal Age
13:31 Double-Bit Axe
20:46 Fletching
21:30 Padded Archer Armor
25:11 Castle Age
23:44 Horse Collar
23:59 Gold Mining
25:47 Bodkin Arrow
26:13 Bow Saw
26:07 Heavy Plow
25:52 Crossbowman
30:32 Leather Archer Armor
37:25 Forging
38:51 Wheelbarrow
42:00 Imperial Age
39:39 Elite Skirmisher
40:42 Ballistics
MCasals
10:22 Feudal Age
14:51 Castle Age
13:07 Double-Bit Axe
13:55 Loom
22:12 Scale Barding Armor
24:09 Forging
26:54 Chain Barding Armor
27:30 Husbandry
28:32 Iron Casting
30:24 Wheelbarrow
31:23 Hand Cart
39:09 Imperial Age
39:11 Cavalier
40:28 Plate Barding Armor
40:53 Blast Furnace
40:38 Paladin
42:29 Conscription
TrashWarAficionado
10:23 Feudal Age
11:14 Double-Bit Axe
12:25 Loom
17:38 Forging
17:40 Arson
27:00 Castle Age
26:10 Wheelbarrow
26:04 Horse Collar
26:38 Scale Mail Armor
27:03 Pikeman
27:34 Eagle Warrior
28:51 Bow Saw
30:31 Squires
40:54 Imperial Age
jnturk.jt
11:03 Feudal Age
13:35 Double-Bit Axe
16:09 Fletching
27:00 Castle Age
26:13 Horse Collar
27:20 Crossbowman
28:37 Bodkin Arrow
29:23 Thumb Ring
29:55 Ballistics
35:12 Scale Barding Armor
38:34 Imperial Age
Connection lost

Rejoining the realm…

Still unreachable

The connection could not be restored.

Session expired

The server has moved on; the page needs a fresh start.